 Dungeon Crawl Stone Soup version 0.31-a0-819-gf6de2f5ab6 (webtiles) character file.

Game seed: 10515026643626708967

148 qw the Shooter (level 5, -1/32 HPs)
             Began as a Gargoyle Hunter on Sept 23, 2023.
             Slain by a lemure (2 damage)
             ... led by Pikel
             ... on level 3 of the Dungeon.
             The game lasted 00:00:56 (2907 turns).

qw the Shooter (Gargoyle Hunter)                    Turns: 2907, Time: 00:00:56

Health: -1/32      AC: 12    Str: 14    XL:     5   Next: 30%
Magic:  5/5        EV: 11    Int: 10    God:
Gold:   101        SH:  0    Dex: 15    Spells: 4/4 levels left

rFire   . . .        Y - +0 shortbow
rCold   . . .        (shield currently unavailable)
rNeg    + . .        e - +0 ring mail
rPois   inf          a - +1 helmet
rElec   +            (no cloak)
rCorr   .            (no gloves)
SInv    .            c - +0 pair of boots
Will    .....        i - amulet of the acrobat
Stlth   +            (no ring)
HPRegen 0.25/turn    (no ring)
MPRegen 0.09/turn

%: acrobat
@: about to teleport
A: sickness immunity, AC +4, negative energy resistance 1, electricity
resistance, torment resistance 1, petrification resistance
a: no special abilities


You were on level 3 of the Dungeon.
You visited 1 branch of the dungeon, and saw 4 of its levels.

You collected 101 gold pieces.


Innate Abilities, Weirdness & Mutations

You are immune to sickness and miasma.
Your stone body is resilient. (AC +4)
You are immune to poison.
You resist negative energy. (rN+)
You are resistant to electric shocks. (rElec)
You are resistant to unholy torment.
You are immune to petrification.


   Skills:
 - Level 3.1 Fighting
 + Level 5.9 Ranged Weapons
 - Level 1.3 Armour
 - Level 1.5 Dodging
 - Level 1.1 Stealth


You had 4 spell levels left.
You didn't know any spells.
Your spell library was empty.

Inventory:

Hand Weapons
 Y - a +0 shortbow (weapon)
Armour
 a - a +1 helmet (worn)
 c - a +0 pair of boots (worn)
 e - a +0 ring mail (worn)
Jewellery
 i - an amulet of the acrobat (around neck)
Potions
 d - a potion of lignification {unknown}
 h - a potion of degeneration {unknown}
 j - a potion of berserk rage {unknown}

Dungeon Overview and Level Annotations

Branches:
Dungeon (4/15)
 Temple: D:4-7

Altars:

Shops:
D:4 (

Annotations:
D:3 1 runed translucent door, Pikel; qw's ghost, novice GrHu


Message History

The lemure hits you!
You climb upwards.
Level annotation: 1 runed translucent door, qw's ghost, novice GrHu
There is a stone staircase leading down here.
Enter note:
Enter note:
Enter note:
Enter note: You shoot an arrow.
The arrow barely misses Pikel.
The arrow hits the hobgoblin but does no damage.
Pikel hits you but does no damage. The lemure hits you but does no damage.
You shoot an arrow. The arrow closely misses Pikel.
The arrow hits the hobgoblin!
You kill the hobgoblin!
Pikel hits you but does no damage. The lemure hits you but does no damage.
You shoot an arrow. The arrow closely misses Pikel.
The arrow barely misses the lemure.
Pikel hits you with a +0 whip of electrocution.
The lemure hits you. The lemure hits you but does no damage.
Pikel hits you with a +0 whip of electrocution.
You shoot an arrow.
The arrow hits Pikel but does no damage.
Pikel hits you with a +0 whip of electrocution.
The lemure barely misses you.
You shoot an arrow. The arrow hits Pikel.
Pikel is lightly wounded.
Pikel hits you with a +0 whip of electrocution.
The lemure closely misses you.
You shoot an arrow. The arrow closely misses Pikel.
The arrow hits the lemure but does no damage.
Pikel hits you with a +0 whip of electrocution.
The lemure barely misses you.
2906 ||| READING scroll of teleportation.
As you read the scroll of teleportation, it crumbles to dust.
You feel strangely unstable. Pikel hits you but does no damage.
The lemure barely misses you.
You shoot an arrow. The arrow barely misses Pikel.
The arrow barely misses the lemure.
Pikel barely misses you. The lemure hits you! The lemure hits you.
You die...

...~P7~7~~~..##
#.###.###.# ##...
##.P~~~7~~~.##
#.........# ####
##~~P~~~P~##
#####.##### ##~.P~~~P#
#.# ### ##.~~.~.# #.#
#.. ########.#.## #.#
####.# ......##....##
#.# #.....
...##.##.....########.#
#.##.#
##.##.###...#.55@K5...#
#.##.#
..............#########
#.##.. ##.##.####.####
#.#### ##.##.# #.# #.#
......# #.# #.####
...#### #.# #.....
##########.# ######
#.....)[# ### #.####..#
#~# #..


You could see Pikel and 3 lemures.

Vanquished Creatures
  A lemure (D:3)
  Terence (D:3)
  Jessica (D:3)
  An orc wizard (D:3)
  Robin (D:3)
  An adder (D:2)
  3 orcs (D:3)
  6 ball pythons
  2 endoplasms
  2 giant cockroaches
  12 goblins
  5 hobgoblins
  A quokka (D:1)
  3 bats
  A frilled lizard (D:1)
  3 kobolds (D:1)
  3 rats (D:2)
47 creatures vanquished.

Notes
Turn   | Place    | Note
-------+----------+-------------------------------------------
     0 | D:1      | qw the Gargoyle Hunter began the quest for the Orb.
     0 | D:1      | Reached XP level 1. HP: 12/12 MP: 1/1
     0 | D:1      | 0 ||| qw: Version: 0.3-a-83-gcd0e7d8
     0 | D:1      | 0 ||| qw: Game counter: 1594
     0 | D:1      | 0 ||| qw: Melee chars always use a shield: true
     0 | D:1      | 0 ||| qw: God list: Okawaru
     0 | D:1      | 0 ||| qw: Allow faded altars: false
     0 | D:1      | 0 ||| qw: Do Orc after clearing Dungeon:15 true
     0 | D:1      | 0 ||| qw: Do second Lair branch before Depths: true
     0 | D:1      | 0 ||| qw: Lair rune preference: random
     0 | D:1      | 0 ||| qw: Goals: Normal
     0 | D:1      | 0 ||| PLANNING D:1-11
   463 | D:1      | Reached XP level 2. HP: 17/17 MP: 2/2
   791 | D:1      | 791 ||| UPGRADING to +0 ring mail.
   801 | D:1      | 801 ||| DROPPING +0 leather armour.
   802 | D:1      | 802 ||| READING scroll labelled KOUJA DICEXZUAH.
   806 | D:1      | 806 ||| READING scroll labelled WISURREOLOD.
   807 | D:1      | 807 ||| DROPPING scroll of butterflies.
   919 | D:2      | Reached skill level 1 in Armour
  1165 | D:2      | Reached XP level 3. HP: 21/21 MP: 3/3
  1509 | D:2      | 1509 ||| UPGRADING to amulet of the acrobat.
  1514 | D:2      | 1514 ||| READING 2 scrolls labelled SUMUOMI VUNE.
  1515 | D:2      | 1515 ||| READING scroll labelled ITOPNU YDOJUV.
  1516 | D:2      | 1516 ||| READING scroll labelled MOIXTAESKU.
  1517 | D:2      | 1517 ||| READING scroll labelled HOKECI HUGE.
  1518 | D:2      | 1518 ||| DRINKING 2 amethyst potions.
  1519 | D:2      | 1519 ||| DRINKING 2 black potions.
  1520 | D:2      | 1520 ||| DROPPING potion of attraction.
  1521 | D:2      | 1521 ||| DROPPING scroll of blinking.
  1527 | D:3      | Noticed Robin
  1528 | D:3      | 1528 ||| STAIRDANCE
  1534 | D:3      | 1534 ||| STAIRDANCE
  1547 | D:3      | 1547 ||| STAIRDANCE
  1610 | D:3      | 1610 ||| STAIRDANCE
  1623 | D:3      | Killed Robin
  1624 | D:3      | Reached skill level 5 in Ranged Weapons
  1625 | D:3      | 1625 ||| STAIRDANCE
  1782 | D:3      | Noticed Terence
  1795 | D:3      | Killed Terence
  1796 | D:3      | Reached skill level 3 in Fighting
  1796 | D:3      | Reached XP level 4. HP: 9/28 MP: 4/4
  2179 | D:3      | 2179 ||| UPGRADING to +0 helmet.
  2186 | D:3      | 2186 ||| UPGRADING to +0 pair of boots.
  2302 | D:3      | 2302 ||| DRINKING potion of curing.
  2302 | D:3      | 2302 ||| (to cure confusion)
  2315 | D:3      | Reached XP level 5. HP: 24/32 MP: 5/5
  2430 | D:3      | Noticed Jessica
  2432 | D:3      | Killed Jessica
  2453 | D:3      | Found a runed translucent door.
  2458 | D:3      | Noticed qw's ghost (novice GrHu)
  2733 | D:3      | 2733 ||| READING 2 scrolls labelled REUMUU CEXUJU.
  2734 | D:3      | 2734 ||| READING scroll of enchant armour.
  2734 | D:3      | 2734 ||| ENCHANTING +0 helmet.
  2735 | D:3      | 2735 ||| READING scroll labelled QEUSUT KEMU.
  2736 | D:3      | 2736 ||| READING scroll labelled ETITWAF DITI.
  2760 | D:4      | Noticed Pikel
  2760 | D:4      | Noticed a lemure
  2760 | D:4      | Noticed a lemure
  2760 | D:4      | Noticed a lemure
  2760 | D:4      | Noticed a lemure
  2760 | D:4      | Found Riesu's Antique Weapon Emporium.
  2761 | D:4      | 2761 ||| STAIRDANCE
  2784 | D:3      | Killed a lemure
  2898 | D:4      | 2898 ||| STAIRDANCE
  2905 | D:3      | HP: 8/32 [Pikel/+0 whip of electrocution (2)]
  2906 | D:3      | 2906 ||| READING scroll of teleportation.
  2907 | D:3      | HP: 1/32 [lemure[Pikel] (7)]
  2907 | D:3      | Slain by a lemure

Levels and vault maps discovered:
D:1:      shiori_arrival_elements, layout_loops_corners
D:2:      layout_basic
D:3:      layout_loops_corners, ebering_ghost_sewer_d, serial_bayou_lagoon_a,
          minivault_26, minmay_misc_feat_rows, uniq_jessica, uniq_terence,
          uniq_robin
D:4:      layout_rooms, general_overflow_altar, serial_shops, shop,
          roderic_batcave, uniq_pikel

Skill      XL: |  1  2  3 |
---------------+----------+-----
Armour         | 1 |  1.3
Ranged Weapons | 5 |  5.9
Fighting       | 3 |  3.1
Dodging        | |  1.5
Stealth        | |  1.1

Action                     |  1- 3 |  4- 6 || total
---------------------------+-------+-------++-------
   Fire: Shortbow          |   117 |    83 ||   200
    Use: Scroll            |     6 |     5 ||    11
         Potion            |     2 |     1 ||     3
 Armour: Leather armour    |    13 |       ||    13
         Ring mail         |    75 |    63 ||   138
  Dodge: Dodged            |    73 |    35 ||   108

Table legend:
 A = Non-vault XP
 B = Vault XP
 C = Vault XP percentage of total XP
 D = Non-vault monster count
 E = Vault monster count
 F = Vault count percentage of total count
                 A         B        C        D         E       F
            +---------+---------+-------+---------+---------+-------
      Total |     101 |     111 |  52.4 |      33 |      13 |  28.3
            +---------+---------+-------+---------+---------+-------
        D:1 |      15 |       0 |   0.0 |       9 |       0 |   0.0
        D:2 |      24 |      18 |  42.9 |       9 |       9 |  50.0
        D:3 |      62 |      93 |  60.0 |      15 |       4 |  21.1
            +---------+---------+-------+---------+---------+-------
